 Dungeon Crawl Stone Soup version 0.32-a0-711-g016ad743e0 (webtiles) character file.

Game seed: 18222868095997792350

2107 Fodor the Covered (level 9, -14/78 HPs)
             Began as a Minotaur Fighter on Mar 15, 2024.
             Demolished by an orc warrior
             ... wielding a +0 glaive
              (17 damage)
             ... in a bailey.
             The game lasted 00:15:31 (5542 turns).

Fodor the Covered (Minotaur Fighter)                Turns: 5542, Time: 00:15:31

Health: -14/78     AC: 17    Str: 26    XL:     9   Next: 7%
Magic:  0/8        EV:  8    Int:  5    God:
Gold:   299        SH:  4    Dex:  9    Spells: 8/8 levels left

rFire   . . .        B - +1 flail (protect)
rCold   . . .        c - +0 buckler
rNeg    . . .        o - +0 chain mail
rPois   .            (helmet currently unavailable)
rElec   .            (cloak currently unavailable)
rCorr   +            (gloves currently unavailable)
SInv    .            (boots currently unavailable)
Will    .....        k - amulet of guardian spirit Stlth
                     m - +4 ring of slaying
HPRegen 0.33/turn    f - ring of resist corrosion
MPRegen 0.11/turn

%: guardian spirit
@: mighty, beast-form, under a protective aura
A: beast (slay +1), horns 2, retaliatory headbutt
a: Begin Untransformation


You were in a bailey.
You were a hulking beast.
You visited 2 branches of the dungeon, and saw 8 of its levels.
You also visited: Bailey.

You collected 299 gold pieces.

Inventory:

Hand Weapons
 a - a +0 war axe
 B - a +1 flail of protection (weapon)
Armour
 c - a +0 buckler (worn)
 o - a +0 chain mail (worn)
Jewellery
 f - a ring of resist corrosion (right hand)
 k - an amulet of guardian spirit (around neck)
 m - a +4 ring of slaying (left hand)
 D - a ring of fire
Talismans
 h - a beast talisman (active)
 x - a flux talisman
 y - a serpent talisman
Wands
 b - a wand of polymorph (8)
Scrolls
 e - 2 scrolls of silence
 i - 3 scrolls of teleportation
 j - 2 scrolls of enchant armour {unknown}
 n - a scroll of immolation {unknown}
 p - 2 scrolls of enchant weapon {unknown}
 q - 3 scrolls of blinking
 r - 4 scrolls of noise
 t - a scroll of poison {unknown}
 u - a scroll of acquirement {unknown}
 v - a scroll of fear {unknown}
 C - 3 scrolls of amnesia {unknown}
 E - a scroll of torment {unknown}
 G - a scroll of revelation {unknown}
Potions
 g - a potion of curing {unknown}
 l - 2 potions of mutation {unknown}
 s - 2 potions of resistance {unknown}
 w - a potion of degeneration {unknown}
 z - a potion of haste {unknown}
 A - a potion of brilliance {unknown}
 F - a potion of invisibility {unknown}
 H - 4 potions of attraction {unknown}
 I - a potion of enlightenment {unknown}
 J - a potion of heal wounds {unknown}
 K - 2 potions of lignification {unknown}


   Skills:
 + Level 6.4 Fighting
 + Level 6.4(7.8) Axes
 + Level 6.8(8.0) Maces & Flails
 + Level 7.1 Armour
 + Level 2.6 Dodging
 + Level 5.9 Shields
 + Level 2.5 Shapeshifting


You had 8 spell levels left.
You didn't know any spells.
Your spell library contained the following spells:

 Spells                   Type           Power      Damage    Failure   Level
 Necrotise                Necr           0%         1d4       95%         1
 Ensorcelled Hibernation  Hex/Ice        0%         N/A       99%         2
 Call Canine Familiar     Summ           0%         N/A       100%        3
 Gell's Gravitas          Tloc           0%         N/A       100%        3
 Passwall                 Erth           0%         N/A       100%        3
 Sigil of Binding         Hex            0%         N/A       100%        3
 Swiftness                Air            0%         N/A       100%        3
 Teleport Other           Tloc           0%         N/A       100%        3
 Vampiric Draining        Necr           0%         2d6       100%        3
 Dimensional Bullseye     Hex/Tloc       0%         N/A       100%        4
 Martyr's Knell           Necr/Summ      0%         N/A       100%        4
 Curse of Agony           Necr           0%         N/A       100%        5
 Dispersal                Tloc           0%         N/A       100%        6


Dungeon Overview and Level Annotations

Branches:
Dungeon (7/15)             Temple (1/1) D:5          Bailey (1/1)

Altars:
Ashenzari
Cheibriados
Dithmenos
Elyvilon
Fedhas
Hepliaklqana
Kikubaaqudgha
Makhleb
Nemelex Xobeh
Okawaru
Qazlal
Sif Muna
Trog
Vehumet
Wu Jian
Xom
Yredelemnul
Zin
The Shining One

Shops:
D:4 [   D:7 [

Annotations:
Bailey 2 runed translucent doors


Innate Abilities, Weirdness & Mutations

You are a hulking beast.
Your limbs bulge with bestial killing power. (Slay +1)
You have a pair of horns on your head.
You reflexively headbutt those who attack you in melee.


Message History

The orc warrior barely misses you.
The orc knight roars a battlecry!
The orcs go into a battle-frenzy!
You have reached level 9!
Your experience leads to an increase in your attributes!
Increase (S)trength, (I)ntelligence, or (D)exterity?
You feel stronger. x2
Found nine items.
You block the orc warrior's attack.
You hit the orc warrior. Your headbutt misses the orc warrior.
The orc warrior is moderately wounded.
The orc warrior hits you with a +0 glaive.
You closely miss the orc warrior. Your headbutt misses the orc warrior.
The orc warrior is moderately wounded.
The orc warrior hits you with a +0 glaive!
You sock the orc warrior!
The orc warrior is severely wounded.
The orc warrior hits you but does no damage.
The orc knight hits you from afar with a +0 glaive!
You sock the orc warrior!
You kill the orc warrior!
The orc knight hits you from afar with a +0 glaive!
The orc warrior closely misses you.
Found 19 gold pieces.
You block the orc warrior's attack. The orc warrior misses you.
The orc hits you from afar with a +0 spear.
Things that are here:
a +0 glaive; a +0 scale mail; an orc corpse The orc warrior closely misses you. x2; The orc hits you but does no damage. x2
You hit the orc knight.
The orc knight is lightly wounded.
The orc knight barely misses you. The orc warrior barely misses you.
The orc warrior hits you but does no damage.
The orc misses you.
The orc hits you from afar with a +0 trident!
* * * LOW HITPOINT WARNING * * *
You feel very mighty all of a sudden.
The orc knight hits you with a +0 glaive!!
* * * LOW HITPOINT WARNING * * *
The orc warrior hits you with a +0 glaive!
You die...

#### ≈≈≈♣ ≈≈≈♣♣ ≈≈≈≈♣
####
≈≈≈≈♣..#$.##########.$#
≈≈≈≈...#.......ohoo...#
≈≈≈≈.♣.##..)..).oo...##
≈≈≈≈....#))########..#
#####...#.ß##?...# .#
........#..#$[....# #
...)....'..#[!##..+.o
..).....'..#[? ..+..
........#..#}! ..#..
#####...#.ß# ##ß.


You could see an orc knight, 2 orc warriors and 2 orcs.

Vanquished Creatures
  Eustachio (D:6)
  Edmund (D:4)
  An ice beast (D:6)
  4 orc warriors (Bailey)
  2 ogres (D:4)
  3 phantoms
  2 bullfrogs (D:6)
  A scorpion (D:6)
  A howler monkey (D:7)
  2 bombardier beetles
  2 gnoll boudas
  3 hounds
  2 jellies
  2 orc priests
  A sleepcap (D:5)
  Jessica (D:3)
  Terence (D:2)
  2 iguanas
  2 orc wizards (D:5)
  8 gnolls
  4 adders
  2 white imps
  5 dart slugs
  A ribbon worm (D:3)
  15 orcs
  8 ball pythons
  3 bats
  8 endoplasms
  6 giant cockroaches
  9 goblins
  A hobgoblin (D:1)
  4 jackals
  6 kobolds
  5 quokkas
  5 rats
124 creatures vanquished.

Notes
Turn   | Place    | Note
-------+----------+-------------------------------------------
     0 | D:1      | Fodor the Minotaur Fighter began the quest for the Orb.
     0 | D:1      | Reached XP level 1. HP: 19/19 MP: 0/0
   242 | D:1      | Reached XP level 2. HP: 26/27 MP: 1/1
   244 | D:1      | Reached skill level 4 in Armour
   935 | D:2      | Reached XP level 3. HP: 33/33 MP: 2/2
  1000 | D:2      | Noticed Terence
  1008 | D:2      | Killed Terence
  1137 | D:2      | Reached XP level 4. HP: 40/40 MP: 3/3
  1590 | D:3      | Identified the +4 ring mail "Lonle" {Fly Str-2 SInv Stlth-}
  1781 | D:3      | Noticed Jessica
  1786 | D:3      | Killed Jessica
  1787 | D:3      | Reached XP level 5. HP: 46/46 MP: 4/4
  1883 | D:3      | Found a faded altar of an unknown god.
  2203 | D:4      | Identified the +5 ring mail of Feorad {rElec rPois rC+}
  2280 | D:4      | Found a basalt altar of Yredelemnul.
  2282 | D:4      | Found a snail-covered altar of Cheibriados.
  2284 | D:4      | Reached skill level 5 in Armour
  2293 | D:4      | Found a shadowy altar of Dithmenos.
  2332 | D:4      | Noticed a phantom
  2340 | D:4      | Killed a phantom
  2341 | D:4      | Reached skill level 5 in Axes
  2341 | D:4      | Reached skill level 1 in Dodging
  2341 | D:4      | Reached skill level 1 in Shapeshifting
  2341 | D:4      | Reached XP level 6. HP: 51/53 MP: 5/5
  2451 | D:4      | Found Ningaec's Antique Armour Emporium.
  2593 | D:4      | Noticed Edmund
  2597 | D:4      | Killed Edmund
  2598 | D:4      | Reached XP level 7. HP: 50/60 MP: 6/6
  2697 | D:4      | Reached skill level 5 in Fighting
  3219 | D:5      | Entered Level 5 of the Dungeon
  3264 | D:5      | Found a staircase to the Ecumenical Temple.
  3282 | Temple   | Entered the Ecumenical Temple
  3443 | D:5      | Reached skill level 6 in Armour
  3492 | D:5      | Reached skill level 1 in Maces & Flails
  4000 | D:5      | Found a shimmering blue altar of Sif Muna.
  4024 | D:5      | Found a burning altar of Makhleb.
  4091 | D:6      | Reached XP level 8. HP: 42/69 MP: 4/7
  4186 | D:6      | Noticed Eustachio
  4227 | D:6      | Killed Eustachio
  4228 | D:6      | Reached skill level 5 in Shields
  4324 | D:6      | Found an ancient bone altar of Kikubaaqudgha.
  4327 | D:6      | Reached skill level 5 in Maces & Flails
  4511 | D:6      | Identified the +1 scale mail of Arphyh Xaaph {Rampage
                  | rCorr}
  5333 | D:7      | Found Loanuffy's Antique Armour Emporium.
  5420 | D:7      | Found a flagged portal.
  5426 | Bailey   | Entered a bailey
  5526 | Bailey   | Reached skill level 7 in Armour
  5526 | Bailey   | Found a large runed translucent door.
  5526 | Bailey   | Found a large runed translucent door.
  5526 | Bailey   | Noticed an orc knight
  5527 | Bailey   | Noticed a deep elf pyromancer
  5534 | Bailey   | Reached XP level 9. HP: 60/77 MP: 6/8
  5542 | Bailey   | HP: 3/78 [orc knight/+0 glaive (16)]
  5542 | Bailey   | Demolished by an orc warrior

Illustrated notes

Levels and vault maps discovered:
D:1:      co_arrival_two_rings, layout_basic
D:2:      layout_loops_ring, uniq_terence
D:3:      layout_loops_ring, nicolae_ecumenical_lake_church, uniq_jessica
D:4:      layout_basic, minitemple, serial_shops, nicolae_inconvenience_store,
          minivault_25, saegor_snake_ambush, uniq_edmund
D:5:      layout_loops_ring, lemuel_doored_altar, lemuel_blue_sif_altar,
          minmay_temple_entry_waves
D:6:      layout_loops_ring, kiku_gazebo_pond_becter, uniq_eustachio
D:7:      layout_basic, serial_shops, nicolae_shop_competitors_out_of_business,
          enter_bailey_3, uniq_jeremiah
Temple:   oiseaux_autumnal_temple
Bailey:   bailey_polearm_elven_captive_hellmonk, bailey

Skill      XL: |  1  2  3  4  5  6  7  8 |
---------------+-------------------------+-----
Armour         | 4 5 6 7 |  7.1
Shields        | 4 5 |  5.9
Fighting       | 4 5 6 |  6.4
Axes           | 3 4 5 6 |  6.4
Dodging        | 1 2 |  2.6
Shapeshifting  | 1 2 |  2.5
Maces & Flails | 3 6 |  6.8

Action                     |  1- 3 |  4- 6 |  7- 9 || total
---------------------------+-------+-------+-------++-------
  Melee: War axe           |    71 |    58 |       ||   129
         Headbutt          |     8 |    13 |    28 ||    49
         Flail             |       |       |   164 ||   164
    Use: Scroll            |       |       |     4 ||     4
         Potion            |       |       |     1 ||     1
 Armour: Scale mail        |    63 |       |       ||    63
         Skin              |     4 |       |       ||     4
         Chain mail        |     2 |    32 |   158 ||   192
  Dodge: Dodged            |    22 |    21 |    59 ||   102
  Block: Buckler           |    12 |     9 |    35 ||    56
   Form: Beast             |     1 |       |       ||     1

Table legend: (Time is in decaauts)
 A = Elapsed time spent in this place.
 B = Non-inter-level travel time spent in this place.
 C = Inter-level travel time spent in this place.
 D = Time resting spent in this place.
 E = Time spent auto-exploring this place.
 F = Levels seen in this place.
 G = Mean time per level.
                   A        B        C        D        E       F      G
               +--------+--------+--------+--------+--------+-----+--------+
         Total |   5630 |   5541 |     89 |      0 |   3846 |   9 |  625.6 |
       Dungeon |   5374 |   5285 |     89 |      0 |   3775 |   7 |  767.7 |
        Temple |    139 |    139 |      0 |      0 |      0 |   1 |  139.0 |
        Bailey |    116 |    116 |      0 |      0 |     71 |   1 |  116.0 |
               +--------+--------+--------+--------+--------+-----+--------+

Top non-repeatable levels by time:
     D:4: 1048 daAuts
     D:1: 802 daAuts
     D:2: 800 daAuts
     D:6: 736 daAuts
     D:5: 726 daAuts
     D:3: 631 daAuts
     D:7: 628 daAuts
  Temple: 139 daAuts
  Bailey: 116 daAuts
